 Dungeon Crawl Stone Soup version 0.31-a0-963-ga325b2283a (console) character file.

Game seed: 16721606141499056265

1929435 questionabletactics the Invulnerable (level 27, 175/224 HPs)
             Began as a Barachi Cinder Acolyte on Oct 23, 2023.
             Was a High Priest of Ignis.
             Escaped with the Orb
             ... and 4 runes on Oct 25, 2023!
             The game lasted 04:49:08 (96811 turns).

questionabletactics the Invulnerable (BaCA)        Turns: 96811, Time: 04:49:09

Health: 175/224    AC: 44    Str: 24    XL:     27
Magic:  37/37      EV: 28    Int: 20    God:    Ignis [*****.]
Gold:   5755       SH: 23    Dex: 22    Spells: 12/46 levels left

rFire   + + .        a - +9 double sword (freeze)
rCold   + + .        M - +3 kite shield {AC+3}
rNeg    + . .        w - +9 ice dragon scales
rPois   +            r - +0 helmet of Indecent Exposure {rF+ Int+2 Dex+3 SInv}
rElec   +            z - +1 cloak "Vuezyas" {rElec}
rCorr   +            Z - +1 pair of gloves "Kackiwus" {Will+++ rCorr Str+3 Int-3}
SInv    +            y - +2 pair of boots {Fly}
Will    +++++        B - amulet of reflection
Stlth   +            q - ring of Qaschuul {Str+6 Dex+3}
HPRegen 0.57/turn    l - ring of Baco {rPois rF+ rN+ Stlth+}
MPRegen 0.25/turn

%: reflection
@: unable to hop, flying, hasted, studying Translocations, quick
A: amphibious, slowness 1, strong legs 2, +LOS, clever 1, clumsy 1, frail 1,
screaming 1, evolution 1
0: Orb of Zot
}: 4/15 runes: serpentine, barnacled, silver, abyssal
a: Hop, Renounce Religion, Fiery Armour, Foxfire Swarm, Rising Flame


You escaped.
You worshipped Ignis.
Ignis was extremely pleased with you.
You visited 10 branches of the dungeon, and saw 50 of its levels.
You visited the Abyss 2 times.
You visited 1 bazaar.
You also visited: Trove, Gauntlet and Wizlab.

You collected 8506 gold pieces.
You spent 2751 gold pieces at shops.

Inventory:

Hand Weapons
 a - a +9 double sword of freezing (weapon)
 b - a +6 eudemon blade of holy wrath
Missiles
 t - 6 throwing nets
 u - 17 curare-tipped darts
Armour
 r - the +0 helmet of Indecent Exposure (worn) {rF+ Int+2 Dex+3 SInv}
   (You acquired it on level 1 of the Crypt)

   Int+2:     It affects your intelligence (+2).
   Dex+3:     It affects your dexterity (+3).
   rF+:       It protects you from fire.
   SInv:      It lets you see invisible.
 w - +9 ice dragon scales (worn)
 y - a +2 pair of boots of flying (worn)
 z - the +1 cloak "Vuezyas" (worn) {rElec}
   (You found it in a wizard's laboratory)

   rElec:     It insulates you from electricity.
 M - a +3 kite shield of protection (worn)
 Z - the +1 pair of gloves "Kackiwus" (worn) {Will+++ rCorr Str+3 Int-3}
   (You bought it in a shop on level 1 of the Vaults)

   Str+3:     It affects your strength (+3).
   Int-3:     It affects your intelligence (-3).
   Will+++:   It greatly increases your willpower.
   rCorr:     It protects you from acid and corrosion.
Jewellery
 d - a ring of protection from cold
 l - the ring of Baco (right hand) {rPois rF+ rN+ Stlth+}
   (You found it on level 4 of the Shoals)

   [ring of poison resistance]

   rF+:       It protects you from fire.
   rPois:     It protects you from poison rN+: It protects you from negative
   energy.
   Stlth+:    It makes you more stealthy.
 q - the ring of Qaschuul (left hand) {Str+6 Dex+3}
   (You took it off a yaktaur captain on level 5 of the Vaults)

   [ring of strength]

   Str+6:     It affects your strength (+6).
   Dex+3:     It affects your dexterity (+3).
 B - an amulet of reflection (around neck)
 D - the ring of Ethics {rC+ rN+ Will+ MP+9 SInv}
   (You found it on level 2 of the Depths)

   [ring of positive energy]

   rC+:       It protects you from cold.
   rN+:       It protects you from negative energy.
   Will+:     It increases your willpower.
   MP+9:      It affects your magic capacity (+9).
   SInv:      It lets you see invisible.
 H - a +6 ring of strength
 N - the ring of Ceamowix {Drain rElec Str+3 SInv}
   (You found it in a Gauntlet)

   [ring of see invisible]

   Str+3:     It affects your strength (+3).
   rElec:     It insulates you from electricity.
   SInv:      It lets you see invisible.
   Drain:     It drains your maximum health when unequipped.
Wands
 j - a wand of polymorph (52)
 n - a wand of paralysis (16)
 x - a wand of mindburst (23)
 J - a wand of light (20)
 O - a wand of digging (2)
 X - a wand of roots (25)
Scrolls
 c - 10 scrolls of vulnerability
 e - a scroll of blinking
 f - 6 scrolls of amnesia
 i - 2 scrolls of summoning
 k - 4 scrolls of fog
 o - 7 scrolls of teleportation
 C - 4 scrolls of silence
 K - 43 scrolls of identify
 W - 7 scrolls of fear
Potions
 g - a potion of mutation
 h - 8 potions of enlightenment
 s - 4 potions of haste
 v - 2 potions of heal wounds
 A - 4 potions of might
 E - 3 potions of resistance
 F - 10 potions of curing
 L - 7 potions of brilliance
 Q - 4 potions of invisibility
 T - 4 potions of magic
 Y - 2 potions of cancellation
Miscellaneous
 p - a lightning rod (4/4)
 I - a phial of floods
 P - a condenser vane
 S - a sack of spiders


   Skills:
 O Level 27 Fighting
 - Level 16.0 Long Blades
 O Level 27 Armour
 + Level 25.1 Dodging
 - Level 1.5 Stealth
 - Level 15.0 Shields
 - Level 10.3 Spellcasting
 - Level 15.3 Conjurations
 - Level 14.6 Translocations
 - Level 12.0 Fire Magic
 - Level 5.1 Air Magic
 - Level 18.5 Evocations


You had 12 spell levels left.
You knew the following spells:

 Your Spells              Type           Power      Damage    Failure   Level
a - Scorch                Fire           100%       2d9       1%          2
b - Blink                 Tloc           100%       N/A       1%          2
c - Fireball              Conj/Fire      30%        3d13      1%          5
d - Iskenderun's Battles  Conj           64%        2d11      1%          5
e - Sticky Flame          Conj/Fire      60%        2d8       1%          4
f - Lesser Beckoning      Tloc           100%       N/A       1%          2
g - Vhi's Electric Charg  Tloc/Air       98%        N/A       2%          4
h - Dispersal             Tloc           31%        N/A       6%          6
i - Manifold Assault      Tloc           62%        N/A       1%          4

Your spell library contained the following spells:

 Spells                   Type           Power      Damage    Failure   Level
 Foxfire                  Conj/Fire      100%       2x1d9     1%          1
 Kiss of Death            Conj/Necr      100%       2d13      1%          1
 Shock                    Conj/Air       100%       1d9       1%          1
 Momentum Strike          Conj/Tloc      100%       3d10      1%          2
 Static Discharge         Conj/Air       100%       3-8/arc   1%          2
 Gell's Gravitas          Tloc           62%        N/A       1%          3
 Stone Arrow              Conj/Erth      80%        3d12      1%          3
 Teleport Other           Tloc           62%        N/A       1%          3
 Volatile Blastmotes      Fire/Tloc      100%       2d18      1%          3
 Flame Wave               Conj/Fire      60%        2d14      1%          4
 Mephitic Cloud           Conj/Pois/Air  37%        N/A       3%          3
 Inner Flame              Hex/Fire       34%        N/A       4%          3
 Swiftness                Air            30%        N/A       6%          3
 Brom's Barrelling Bould  Conj/Erth      40%        2d6       7%          4
 Arcjolt                  Conj/Air       25%        1d35      7%          5
 Dimensional Bullseye     Hex/Tloc       19%        N/A       8%          4
 Poisonous Vapours        Pois/Air       40%        N/A       9%          2
 Ignite Poison            Fire/Tmut/Pois 26%        N/A       9%          3
 Starburst                Conj/Fire      30%        6d9       9%          6
 Cigotuvi's Dreadful Rot  Necr/Pois/Air  34%        N/A       12%         2
 Necrotise                Necr           40%        1d6       16%         1
 Sandblast                Erth           20%        2d7       16%         1
 Slow                     Hex            40%        N/A       16%         1
 Sting                    Tmut/Pois      40%        1d5       16%         1
 Airstrike                Air            15%        2d(3-19)  19%         4
 Irradiate                Conj/Tmut      20%        3d18      19%         5
 Summon Forest            Summ/Tloc      19%        N/A       22%         5
 Ensorcelled Hibernation  Hex/Ice        20%        N/A       24%         2
 Passwall                 Tmut/Erth      8%         N/A       24%         2
 Sublimation of Blood     Necr           10%        N/A       24%         2
 Wereblood                Tmut           10%        N/A       24%         2
 Freezing Cloud           Conj/Ice/Air   18%        6-21      26%         5
 Orb of Destruction       Conj           32%        9d10      26%         7
 Conjure Ball Lightning   Conj/Air       25%        3x3d7     36%         6
 Call Canine Familiar     Summ           10%        N/A       43%         3
 Confusing Touch          Hex            10%        N/A       43%         3
 Frozen Ramparts          Ice            20%        1d4       43%         3
 Sigil of Binding         Hex            10%        N/A       43%         3
 Summon Guardian Golem    Hex/Summ       10%        N/A       43%         3
 Vampiric Draining        Necr           10%        2d6       43%         3
 Summon Lightning Spire   Summ/Air       20%        N/A       50%         4
 Plasma Beam              Fire/Air       22%        2x1d34    58%         6
 Bombard                  Conj/Erth      20%        9d4       71%         6
 Anguish                  Hex/Necr       5%         N/A       83%         4
 Animate Armour           Summ/Erth      20%        N/A       83%         4
 Animate Dead             Necr           10%        N/A       83%         4
 Cause Fear               Hex            5%         N/A       83%         4
 Dispel Undead            Necr           10%        3d9       83%         4
 Leda's Liquefaction      Hex/Erth       5%         N/A       83%         4
 Olgreb's Toxic Radiance  Pois           10%        N/A       83%         4
 Petrify                  Tmut/Erth      10%        N/A       83%         4
 Disjunction              Tloc           31%        N/A       94%         8
 Agony                    Necr           10%        N/A       99%         5
 Alistair's Intoxication  Tmut/Pois      6%         N/A       99%         5
 Borgnjor's Vile Clutch   Necr/Erth      5%         N/A       99%         5
 Lee's Rapid Deconstruct  Erth           5%         3d6*      99%         5
 Metabolic Englaciation   Hex/Ice        5%         N/A       99%         5
 Summon Mana Viper        Hex/Summ       10%        N/A       99%         5
 Yara's Violent Unravell  Hex/Tmut       5%         3d4       99%         5
 Spellforged Servitor     Conj/Summ      20%        N/A       99%         7
 Death Channel            Necr           5%         N/A       100%        6
 Eringya's Noxious Bog    Tmut/Pois      5%         4d6       100%        6
 Summon Cactus Giant      Summ           5%         N/A       100%        6
 Enfeeble                 Hex            5%         N/A       100%        7
 Haunt                    Necr/Summ      5%         N/A       100%        7
 Malign Gateway           Summ/Tloc      19%        N/A       100%        7
 Discord                  Hex            5%         N/A       100%        8
 Ignition                 Fire           27%        3d9       100%        8
 Summon Horrible Things   Summ           5%         N/A       100%        8
 Chain Lightning          Conj/Air       25%        3d33      100%        9
 Death's Door             Necr           5%         N/A       100%        9


Dungeon Overview and Level Annotations

Branches:
Dungeon (15/15)            Temple (0/1) D:5            Lair (5/5) D:11
 Shoals (4/4) Lair:2        Snake (4/4) Lair:2        Slime (0/5) Lair:4
    Orc (2/2) D:10            Elf (3/3) Orc:2        Vaults (5/5) D:13
  Crypt (3/3) Vaults:2       Tomb (0/3) Crypt:3      Depths (4/4) D:15
    Zot (5/5) Depths:4     WizLab (visited)         Gauntlet (visited)

Altars:
Ashenzari
Cheibriados
Dithmenos
Gozag
Kikubaaqudgha
Nemelex Xobeh
Okawaru
Sif Muna
Trog
Uskayaw
Vehumet
Wu Jian
Xom
Yredelemnul
Jiyva
Lugonu

Shops:
D:13 *   Orc:2 :*[(   Shoals:1 ?   Snake:2 :   Vaults:1 [   Vaults:2 [
Depths:4 !*

Portals:
Hell: Depths:1 Depths:2 Depths:3
Abyss: Depths:1 Depths:2 Depths:3
Pandemonium: Depths:2
Ziggurat: Depths:4

Annotations:
D:14 exclusion: downstairs
D:15 Roxanne
Shoals:2 2 transporters, Gadrel's ghost, adept DgHs
Shoals:3 Mara
Elf:2 3 runed translucent doors
Vaults:1 3 runed translucent doors, Harhicoo's ghost, adept MiBe
Depths:4 2 exclusions


Innate Abilities, Weirdness & Mutations

You are amphibious.
You cover ground slowly.
You can hop long distances.
You have an extended range of vision and can be seen from far away.
Your mind is acute. (Int +4, Str/Dex -1)
You are clumsy. (Dex -2)
You are frail. (-10% HP)
You occasionally shout uncontrollably at your foes.
You have hidden genetic potential.


Message History

You block the sixfirhy's attack. The angel attacks as it pursues you!
You block the angel's attack. The angel barely misses you.
You block the sixfirhy's attack.
The angel hits you but does no damage. x2
The sixfirhy misses you.
You block the sixfirhy's attack. x2; The angel attacks as it pursues you!
The angel completely misses you. The angel hits you but does no damage.
The angel hits you with a +3 whip of holy wrath!!
The angel closely misses you. You block the angel's attack.
The angel hits you but does no damage. You block the sixfirhy's attack.
You block the angel's attack. The angel barely misses you.
You block the sixfirhy's attack. x3; The sixfirhy completely misses you.
You block the angel's attack. The angel hits you but does no damage.
The gnoll attacks as it pursues you! You block the gnoll's attack.
The angel hits you but does no damage. The angel closely misses you.
Blink to where?
Press: ? - help, Dir - move target
As you read the scroll of blinking, it crumbles to dust.
You fly upwards.
There is a stone staircase leading down here.
You feel better.
You feel better.
You feel better.
You feel better.
There is a stone staircase leading up here.
You fly upwards.
There is a stone staircase leading down here.
There is a stone staircase leading up here.
You fly upwards.
There is a stone staircase leading down here.
An Ice Fiend comes into view.
You feel yourself speed up.
Blink to where?
Press: ? - help, Dir - move target
As you read the scroll of blinking, it crumbles to dust.
Hop to where?
Press: ? - help, Dir - move target Boing!
There is a staircase leading out of the dungeon here.
You have escaped!

.........# #.....# #............
....####+#######'# #......#####.
....# ##.........## #......#.....
....###...#####...###(.......###.
.#####.#.#.###.#.#.#####...### #.
.# ##.##.##.#.##.##.## #....# #.
.###.###.###.###.###.###....####.
.##.####.##.#.##.####.##......##.
.'.........###..@......'.####)##.
.#..####.### ###.####..### #.....
.#.#.###.# #.###.#.# #.....
.#.##.#.## ##.#.##.# #.....
.#.###.## ##^###.# #.....
.#.##.#.## ##.#.##.# #.....
.#.#.###.# #.###.#.# #.....
.#..####.### ###.####..#####.....
.'.........###.........'..##.....


There were no monsters in sight!

Vanquished Creatures
  4 dread liches
  3 orbs of fire
  Mennas (Vaults:5)
  A juggernaut (Depths:2)
  Sojobo (Vaults:4)
  3 Killer Klowns
  2 curse toes
  2 caustic shrikes
  Saint Roka (Vaults:4)
  10 golden dragons
  Xtahua (Depths:4)
  5 bone dragons
  2 profane servitors
  Norris (Vaults:4)
  5 electric golems (Zot:5)
  17 tentacled monstrosities
  A walking earthen tome (Depths:2)
  6 liches
  Zenata (Vaults:4)
  4 titans
  2 deep elf blademasters (Elf:3)
  23 Orb Guardians
  A deep elf master archer (Elf:3)
  2 quicksilver dragons
  A walking divine tome (Depths:4)
  Asterion (Snake:1)
  An eldritch tentacle (WizLab)
  7 sphinxes
  Polyphemus (Shoals:4)
  Frances (Elf:1)
  8 tentacled starspawn
  Agnes (Elf:1)
  A kraken (Shoals:3)
  11 shadow dragons
  5 death cobs
  6 tengu reavers
  Aizul (Vaults:4)
  A storm dragon (shapeshifter) (Vaults:5)
  Kirke (D:14)
  5 draconian monks
  A thorn hunter (Abyss:5)
  12 storm dragons
  6 fire giants
  2 nagarajas
  A daeva (Abyss:4)
  A fenstrider witch (shapeshifter) (Vaults:5)
  5 draconian knights
  13 frost giants
  5 deep elf sorcerers
  13 vault wardens
  Louise (Elf:1)
  3 iron dragons (Vaults:5)
  3 curse skulls
  6 deep elf elementalists
  5 draconian scorchers
  4 ghost moths
  3 draconian stormcallers
  2 spriggan defenders (Depths:1)
  18 ironbound preservers
  A draconian shifter (Zot:4)
  3 reapers
  A draconian annihilator (Zot:3)
  9 ghouls (Crypt:3)
  A caustic shrike zombie (Crypt:2)
  27 stone giants
  9 ironbound thunderhulks
  A cacodemon (Abyss:4)
  2 orc warlords
  4 vampire knights
  4 war gargoyles
  22 very ugly things
  A formless jellyfish (Vaults:4)
  4 deep elf demonologists
  A lorocyproca (WizLab)
  11 green draconians
  A spark wasp (Depths:3)
  7 yellow draconians
  9 deep elf annihilators (Elf:3)
  10 black draconians
  8 purple draconians
  9 dire elephants
  2 white draconians
  A minotaur (Gauntlet)
  11 red draconians
  6 jiangshi
  6 deep elf death magi
  21 ettins
  An ettin (shapeshifter) (Vaults:5)
  14 fire dragons
  11 merfolk impalers
  Josephine (D:10)
  9 eidola (Crypt:3)
  A mummy priest (Crypt:3)
  5 merfolk javelineers (Shoals:4)
  3 salamander tyrants
  15 great orbs of eyes
  6 rakshasas
  8 hydras
  18 yaktaur captains
  5 deep elf high priests
  35 vault guards
  14 ice dragons
  12 ironbound frosthearts
  A peacekeeper (D:13)
  A quicksilver dragon skeleton (Crypt:1)
  2 ogre magi
  3 catoblepae
  16 centaur warriors
  3 merfolk avatars
  12 anacondas
  4 spriggan air magi
  2 alligator snapping turtles
  2 merfolk aquamancers
  6 satyrs
  A sphinx skeleton (Vaults:2)
  4 boulder beetles
  12 deep troll shamans
  17 deep troll earth magi
  18 death yaks
  13 naga warriors
  16 tengu warriors
  4 hell hogs (Abyss:4)
  11 dancing weapons
  4 death knights
  7 vampire magi
  4 two-headed ogres
  7 naga sharpshooters
  4 orc high priests (Orc:2)
  4 spriggan berserkers
  7 thrashing horrors
  8 shock serpents
  Urug (D:13)
  3 sun demons
  3 soul eaters
  A titan zombie (Crypt:3)
  A shock serpent (shapeshifter) (Depths:2)
  17 hell knights
  9 skysharks
  3 iron trolls
  A sixfirhy (D:15)
  7 wretched stars
  A fire crab (shapeshifter) (Depths:4)
  29 skeletal warriors
  An iron troll (shapeshifter) (Vaults:5)
  A spark wasp zombie (Crypt:1)
  20 sea snakes
  3 fire crabs
  11 salamander mystics
  4 shadow wraiths
  11 deep elf knights
  A spatial maelstrom (Abyss:3)
  A swamp dragon (Abyss:5)
  6 glowing orange brains
  A death drake (Depths:1)
  A shadow demon (Abyss:4)
  An iron giant zombie (Crypt:3)
  6 deep elf archers
  13 flayed ghosts
  7 naga ritualists
  55 deep trolls
  A tengu zombie (Vaults:2)
  10 arcanists
  16 lindwurms
  Pikel (D:8)
  27 harpies
  A jorogumo zombie (Crypt:2)
  16 ironbound convokers
  7 necromancers
  An obsidian statue (WizLab)
  21 deep elf pyromancers
  25 phantasmal warriors
  5 orc knights
  13 large abominations
  21 ugly things
  11 mana vipers
  An eleionoma zombie (Crypt:2)
  19 manticores
  A wolf spider (Crypt:3)
  A frost giant zombie (Vaults:2)
  6 orc sorcerers
  15 deep elf zephyrmancers
  31 fauns
  A jorogumo skeleton (Crypt:2)
  A tengu skeleton (Vaults:4)
  An alligator skeleton (Crypt:1)
  22 salamanders
  2 stone giant zombies
  6 worldbinders
  8 cyclopes
  20 moths of wrath
  A dire elephant zombie (Abyss:2)
  3 centaur zombies
  11 merfolk sirens
  12 guardian serpents
  A rust devil (Depths:3)
  17 elephants
  An apocalypse crab (Abyss:3)
  38 black mambas
  A black mamba (shapeshifter) (D:15)
  2 torpor snails (Lair:5)
  20 naga magi
  2 human skeletons
  2 smoke demons
  16 vault sentinels
  10 water nymphs
  15 cane toads
  Joseph (Lair:1)
  2 alligator snapping turtle zombies (Crypt:3)
  3 orange demons
  Maggie (D:10)
  5 kobold demonologists
  A centaur skeleton (D:15)
  A hellion (Depths:3)
  11 komodo dragons
  6 rime drakes
  8 freezing wraiths
  7 tengu conjurers
  An efreet (Abyss:5)
  An elf zombie (Vaults:4)
  30 yaktaurs
  An anaconda simulacrum (Abyss:3)
  4 harpy zombies (Crypt:3)
  3 guardian mummies (Crypt:3)
  2 red devils (WizLab)
  A meliai (shapeshifter) (D:15)
  5 ancient zymes
  27 merfolk
  A death drake zombie (Crypt:1)
  2 hellwings
  6 trolls
  8 wind drakes
  A tyrant leech (shapeshifter) (Vaults:5)
  13 snapping turtles
  5 polar bears
  A hornet (Lair:5)
  Prince Ribbit (D:6)
  13 raiju
  10 dream sheep
  An ettin zombie (Crypt:3)
  A raiju (shapeshifter) (D:14)
  18 blink frogs
  A meliai zombie (D:15)
  5 glass eyes
  2 jumping spiders (Crypt:3)
  9 flying skulls
  A jumping spider (shapeshifter) (Vaults:5)
  2 fire dragon skeletons
  2 spriggans
  4 air elementals
  23 slime creatures
  A spriggan (shapeshifter) (D:14)
  2 vampires
  54 yaks
  An elf skeleton (WizLab)
  9 fire bats
  2 shadows (D:11)
  5 ynoxinuls
  3 fire elementals
  12 water elementals
  4 wyverns
  A basilisk (shapeshifter) (Vaults:5)
  25 starcursed masses
  19 wraiths
  3 hogs
  16 humans (D:13)
  2 basilisks
  A chaos spawn (Abyss:2)
  4 neqoxecs
  6 vampire mosquitoes
  Menkaure (D:7)
  10 redbacks
  A redback simulacrum (D:15)
  5 spatial vortices (WizLab)
  A redback (shapeshifter) (Vaults:5)
  A steam dragon (D:10)
  5 wargs
  2 acid dragons
  39 nagas
  10 water moccasins
  Duvessa (D:6)
  2 black bears (D:5)
  4 ice beasts
  5 ogres
  30 orc warriors
  A black bear (shapeshifter) (Abyss:3)
  3 sky beasts
  3 boggarts (Vaults:2)
  A lindwurm skeleton (Crypt:2)
  14 wolves
  17 centaurs
  3 phantoms (Crypt:3)
  5 small abominations
  6 kobold brigands
  A rime drake skeleton (Crypt:1)
  A yaktaur zombie (Crypt:2)
  2 human zombies (Vaults:4)
  3 gnoll sergeants
  10 bullfrogs
  13 necrophages (Crypt:3)
  3 earth elementals (Elf:1)
  4 scorpions
  8 wyvern skeletons
  Dowan (D:6)
  A ballistomycete (D:5)
  18 killer bees
  A yak skeleton (Crypt:2)
  4 howler monkeys (D:9)
  An electric eel (Elf:3)
  A basilisk zombie (Crypt:1)
  4 hounds
  A human simulacrum (Vaults:4)
  2 quasits
  22 orc priests
  6 jellies
  2 sleepcaps
  2 gnoll boudas
  2 iron imps
  4 iguanas
  45 orc wizards
  Robin (D:2)
  28 gnolls
  8 adders
  2 steam dragon zombies (Crypt:2)
  3 white imps
  6 ufetubi
  A worm (D:5)
  4 dart slugs
  81 orcs
  7 bats
  6 endoplasms
  A giant cockroach (D:4)
  14 goblins
  10 hobgoblins
  33 kobolds
  3 quokkas
  8 ball pythons
  An orc skeleton (Crypt:2)
  A quokka skeleton (Crypt:1)
  3 rats (D:2)
  A ballistomycete spore (D:5)
  2 starspawn tentacles (Abyss:5)
  4 tentacles (Shoals:3)
2461 creatures vanquished.

Vanquished Creatures (collateral kills)
  A vault warden (Vaults:5)
  A balrug (Abyss:5)
  A yaktaur captain (Vaults:5)
  A deep elf archer (Elf:2)
  An apocalypse crab (Abyss:5)
  A starcursed mass (Abyss:5)
6 creatures vanquished.

Vanquished Creatures (others)
  Vv (Zot:4)
  A tengu reaver (Vaults:4)
  A centaur warrior (Vaults:3)
  A naga sharpshooter (Snake:4)
  A deep elf knight (Elf:1)
  A deep elf pyromancer (Elf:1)
  A deep elf zephyrmancer (Elf:2)
  A human (D:15)
  A neqoxec (Abyss:3)
  A chaos spawn (Abyss:7)
  A centaur (D:13)
  A kobold (D:10)
  6 ballistomycete spores (D:5)
  A foxfire (Abyss:4)
  4 lurking horrors
  19 starspawn tentacles
  16 tentacles (Shoals:3)
58 creatures vanquished.

Grand Total: 2525 creatures vanquished

Notes
Turn   | Place    | Note
-------+----------+-------------------------------------------
     0 | D:1      | questionabletactics the Barachi Cinder Acolyte began the
                  | quest for the Orb.
     0 | D:1      | Reached XP level 1. HP: 18/18 MP: 2/2
   113 | D:1      | Reached skill level 1 in Stealth
   243 | D:1      | Reached XP level 2. HP: 24/24 MP: 3/3
   246 | D:1      | Learned a level 2 spell: Scorch
   475 | D:1      | Reached XP level 3. HP: 13/29 MP: 0/4
  1099 | D:2      | Reached skill level 1 in Armour
  1170 | D:1      | Reached XP level 4. HP: 19/36 MP: 1/5
  1289 | D:2      | Noticed Robin
  1581 | D:2      | Killed Robin
  1947 | D:3      | Reached skill level 1 in Dodging
  2025 | D:3      | Reached XP level 5. HP: 41/41 MP: 6/6
  2068 | D:3      | Identified the +1 scale mail of the Screaming Gods {Rampage
                  | Str+3 Dex+5}
  2101 | D:3      | You fall into a shaft and drop 3 floors!
  2111 | D:5      | Entered Level 5 of the Dungeon
  2282 | D:4      | Found an iron altar of Okawaru.
  2289 | D:4      | Found a runed translucent door.
  2292 | D:4      | Noticed a centaur
  2293 | D:4      | Found the +0 toga "Victory" {*Victory Clar}
  2627 | D:3      | Found a shadowy altar of Dithmenos.
  2697 | D:3      | Found a faded altar of an unknown god.
  2749 | D:3      | Reached skill level 5 in Fire Magic
  3305 | D:4      | Reached XP level 6. HP: 49/49 MP: 7/7
  3679 | D:5      | Noticed a black bear
  3701 | D:5      | Killed a black bear
  3702 | D:5      | Reached skill level 5 in Fighting
  3878 | D:5      | Noticed a black bear
  4146 | D:5      | Found an opulent altar of Gozag.
  4151 | D:5      | Noticed a water moccasin
  4202 | D:5      | Killed a black bear
  4203 | D:5      | Reached XP level 7. HP: 58/58 MP: 1/8
  4452 | D:5      | Noticed a yak
  4463 | D:5      | Killed a yak
  4464 | D:5      | Reached skill level 5 in Long Blades
  4607 | D:6      | Reached skill level 5 in Armour
  4719 | D:6      | Reached XP level 8. HP: 48/64 MP: 4/9
  5620 | D:5      | Found a staircase to the Ecumenical Temple.
  5795 | D:5      | Reached skill level 5 in Dodging
  6032 | D:5      | Reached XP level 9. HP: 69/69 MP: 3/10
  6419 | D:6      | Noticed Prince Ribbit
  6428 | D:6      | Killed Prince Ribbit
  6551 | D:6      | Noticed Duvessa
  6563 | D:6      | Noticed Dowan
  6573 | D:6      | Killed Dowan
  7026 | D:6      | Found a sparkling altar of Nemelex Xobeh.
  7035 | D:6      | Found an ancient bone altar of Kikubaaqudgha.
  7038 | D:6      | Found a shimmering altar of Xom.
  7039 | D:6      | Found an ornate altar of the Wu Jian Council.
  7207 | D:6      | Killed Duvessa
  7208 | D:6      | Reached skill level 1 in Evocations
  8168 | D:7      | Noticed Menkaure
  8179 | D:7      | Killed Menkaure
  8563 | D:8      | Noticed Pikel
  8791 | D:8      | Reached XP level 10. HP: 53/82 MP: 2/11
  9377 | D:8      | Reached skill level 10 in Long Blades
  9891 | D:8      | Killed Pikel
 11843 | D:9      | Found a radiant altar of Vehumet.
 11950 | D:9      | Noticed a cyclops
 11950 | D:9      | Noticed a manticore
 11954 | D:9      | Noticed a manticore
 11955 | D:9      | Killed a cyclops
 11956 | D:9      | Reached skill level 10 in Armour
 11956 | D:9      | Reached XP level 11. HP: 87/89 MP: 12/12
 11969 | D:9      | Killed a manticore
 11976 | D:9      | Killed a manticore
 12172 | D:10     | Entered Level 10 of the Dungeon
 12250 | D:9      | Reached skill level 5 in Evocations
 12841 | D:10     | Found a snail-covered altar of Cheibriados.
 13298 | D:10     | Found a staircase to the Orcish Mines.
 13324 | D:10     | Noticed Maggie
 13337 | D:10     | Killed Maggie
 13450 | D:10     | Identified the +0 leather armour of Xizyboas {Rampage rF-
                  | rCorr Str+5}
 14072 | D:11     | Reached skill level 10 in Fighting
 14206 | D:11     | Noticed a death yak
 14206 | D:11     | Noticed a death yak
 14206 | D:11     | Noticed a death yak
 14242 | D:10     | Killed a death yak
 14368 | D:10     | Learned a level 2 spell: Blink
 14516 | D:11     | Reached skill level 1 in Translocations
 14601 | D:11     | Reached skill level 10 in Dodging
 14996 | D:11     | Noticed a two-headed ogre
 15008 | D:11     | Killed a two-headed ogre
 15104 | D:11     | Found a staircase to the Lair.
 15126 | D:11     | Identified the +4 flail of Wisoun {distort, SInv}
 15135 | Lair:1   | Entered Level 1 of the Lair of Beasts
 15163 | Lair:1   | Found a gate leading to a gauntlet.
 15168 | Gauntlet | Entered a Gauntlet
 15168 | Gauntlet | Found a transporter.
 15168 | Gauntlet | Found a transporter.
 15171 | Gauntlet | Found a transporter.
 15171 | Gauntlet | Found a transporter.
 15172 | Gauntlet | Noticed a catoblepas
 15178 | Gauntlet | Noticed a fire crab
 15185 | Gauntlet | Found a transporter.
 15194 | Gauntlet | Found a transporter.
 15194 | Gauntlet | Found a transporter.
 15195 | Gauntlet | Noticed an oklob plant
 15200 | Gauntlet | Found a transporter.
 15203 | Gauntlet | Found a transporter.
 15207 | Gauntlet | Found a transporter.
 15212 | Gauntlet | Noticed a blizzard demon
 15215 | Gauntlet | Noticed an orange crystal statue
 15240 | Gauntlet | Found a transporter.
 15256 | Gauntlet | Found a transporter.
 15264 | Gauntlet | Found a transporter.
 15323 | Gauntlet | Found a transporter.
 15416 | Gauntlet | Found a transporter.
 15432 | Gauntlet | Found a transporter.
 15558 | Gauntlet | Killed a fire crab
 15627 | Gauntlet | Reached XP level 12. HP: 96/98 MP: 17/17
 15703 | Gauntlet | Noticed a minotaur
 15714 | Gauntlet | Killed a minotaur
 15758 | Gauntlet | Identified the ring of Ceamowix {Drain rElec Str+3 SInv}
 16494 | Lair:1   | Found a hide-covered altar of Uskayaw.
 17227 | Lair:1   | Noticed Joseph
 17240 | Lair:1   | Killed Joseph
 17687 | Lair:2   | Reached skill level 1 in Conjurations
 17754 | Lair:2   | Gained mutation: You can hop long distances. [Barachi
                  | growth]
 17754 | Lair:2   | Reached XP level 13. HP: 86/109 MP: 20/20
 18447 | Lair:2   | Found a staircase to the Shoals.
 18480 | Lair:2   | Found a staircase to the Snake Pit.
 18931 | Lair:2   | Reached skill level 5 in Conjurations
 19339 | Lair:2   | Reached skill level 5 in Spellcasting
 20568 | Lair:4   | Identified the "Nuizyhuq"
 21573 | Lair:4   | Learned a level 5 spell: Fireball
 21620 | Lair:4   | Reached XP level 14. HP: 96/116 MP: 22/22
 21651 | Lair:4   | Reached skill level 10 in Conjurations
 21888 | Lair:4   | Learned a level 5 spell: Iskenderun's Battlesphere
 22009 | Lair:4   | Found a viscous altar of Jiyva.
 22009 | Lair:4   | Found a staircase to the Slime Pits.
 22680 | Lair:5   | Entered Level 5 of the Lair of Beasts
 25614 | Lair:5   | Identified the +1 trident of Tender Mercy {freeze, Str+3
                  | Dex+4}
 25931 | Lair:5   | Reached XP level 15. HP: 103/122 MP: 16/28
 27583 | D:12     | Reached skill level 1 in Shields
 29526 | Orc:1    | Entered Level 1 of the Orcish Mines
 29526 | Orc:1    | Noticed Josephine
 29550 | D:10     | Killed Josephine
 29845 | Orc:2    | Entered Level 2 of the Orcish Mines
 30391 | Orc:2    | Found a staircase to the Elven Halls.
 30419 | Orc:2    | Paralysed by an orc sorcerer for 4 turns
 30461 | Orc:2    | Noticed an orc warlord
 30534 | Orc:2    | Reached skill level 5 in Shields
 32395 | Orc:2    | Killed an orc warlord
 33336 | Orc:2    | Found Dijaq's General Store.
 33337 | Orc:2    | Found Xiliufoja's Book Shoppe.
 33339 | Orc:2    | Found Nodibos's Antique Armour Shoppe.
 33339 | Orc:2    | Found Belehodd's Antique Weapon Emporium.
 33388 | Orc:2    | Upgraded the game from 0.31-a0-960-g0fca184906 to
                  | 0.31-a0-963-ga325b2283a
 33522 | D:13     | Noticed Urug
 33522 | D:13     | Found a gate to the Vaults.
 33850 | D:13     | Reached skill level 10 in Fire Magic
 34111 | D:13     | Killed Urug
 34158 | D:13     | Found Feissor's Fire Supplies.
 34329 | D:13     | Bought Wasiom's Grimoire of the Bonfire for 612 gold pieces
 34334 | D:13     | Learned a level 4 spell: Sticky Flame
 34423 | D:13     | Reached XP level 16. HP: 131/131 MP: 25/29
 34947 | D:14     | Found a hide-covered altar of Uskayaw.
 35681 | D:15     | Entered Level 15 of the Dungeon
 35696 | D:15     | Noticed Roxanne
 35705 | D:15     | Noticed Kirke
 35788 | D:14     | Killed Kirke
 35832 | D:15     | Found a broken altar of Ashenzari.
 36314 | D:15     | Reached skill level 15 in Long Blades
 36332 | D:15     | Found a staircase to the Depths.
 37286 | Snake:1  | Entered Level 1 of the Snake Pit
 37286 | Snake:1  | Noticed Asterion
 37293 | Snake:1  | Killed Asterion
 37836 | Snake:1  | Noticed Donald
 38073 | Snake:1  | Reached skill level 10 in Shields
 38375 | Snake:1  | Donald changed into Donald the great orb of eyes
 38375 | Snake:1  | Noticed Donald
 38384 | Snake:1  | Killed Donald the great orb of eyes
 38679 | Snake:2  | Found Keetaiqi's Book Shoppe.
 39209 | Snake:2  | Reached skill level 5 in Translocations
 39461 | Snake:2  | Identified the +4 scale mail of Broken Taboos {Harm rPois
                  | rC+}
 39605 | Snake:2  | Noticed a nagaraja
 39848 | Snake:2  | Reached XP level 17. HP: 129/137 MP: 26/30
 42239 | Snake:4  | Entered Level 4 of the Snake Pit
 43689 | Snake:4  | Found a hide-covered altar of Uskayaw.
 44130 | Snake:4  | Reached skill level 15 in Dodging
 44702 | Snake:4  | Reached XP level 18. HP: 138/147 MP: 31/31
 45354 | Snake:4  | Reached skill level 15 in Fighting
 45808 | Snake:4  | Got a serpentine rune of Zot
 46096 | Shoals:1 | Entered Level 1 of the Shoals
 46780 | Shoals:1 | Found Fawi's Magic Scroll Shoppe.
 46783 | Shoals:1 | Bought a scroll of blinking for 127 gold pieces
 46783 | Shoals:1 | Bought a scroll of blinking for 127 gold pieces
 47373 | Shoals:2 | Noticed Gadrel's ghost (adept DgHs)
 47552 | Shoals:2 | Identified the +5 robe of the Maze {Harm rC+}
 48188 | Shoals:2 | Found a transporter.
 48432 | Shoals:2 | Found a transporter.
 48452 | Shoals:2 | Found a bloodstained altar of Trog.
 48933 | Shoals:3 | Noticed Mara
 48959 | Shoals:3 | Noticed questionabletactics's illusion
 50087 | Shoals:3 | Reached XP level 19. HP: 139/155 MP: 32/32
 50416 | Shoals:4 | Entered Level 4 of the Shoals
 51118 | Shoals:4 | Identified the ring of Baco {rPois rF+ rN+ Stlth+}
 51750 | Shoals:4 | Got a barnacled rune of Zot
 51997 | Shoals:4 | Identified the +2 hand axe of Diwaco {antimagic, rElec}
 52858 | Shoals:4 | Noticed Polyphemus
 52878 | Shoals:4 | Killed Polyphemus
 53137 | Vaults:1 | Entered Level 1 of the Vaults
 53870 | Vaults:1 | Reached XP level 20. HP: 168/168 MP: 33/33
 54387 | Vaults:1 | Found a runed translucent gate.
 54387 | Vaults:1 | Found a runed translucent gate.
 54387 | Vaults:1 | Found a runed translucent gate.
 54388 | Vaults:1 | Noticed Harhicoo's ghost (adept MiBe)
 54557 | Vaults:1 | Found Hytoas's Antique Armour Emporium.
 54562 | Vaults:1 | Bought a pair of faintly glowing gloves for 370 gold pieces
 54562 | Vaults:1 | Identified the +1 pair of gloves "Kackiwus" {Will+++ rCorr
                  | Str+3 Int-3} (You bought it in a shop on level 1 of the
                  | Vaults)
 54771 | Vaults:1 | Identified the +0 ring mail of the Cicada {Harm Dex+4}
 55027 | Vaults:1 | Reached skill level 15 in Armour
 55516 | Vaults:2 | Found Himpalut's Antique Armour Shop.
 55846 | Vaults:2 | Bought a shiny helmet for 270 gold pieces
 55846 | Vaults:2 | Bought a twisted chain mail for 342 gold pieces
 55846 | Vaults:2 | Identified the +5 chain mail of the Pit {rN+ SInv} (You
                  | bought it in a shop on level 2 of the Vaults)
 56008 | Vaults:2 | Reached skill level 15 in Conjurations
 57228 | Vaults:2 | Found a portal to a secret trove of treasure.
 57587 | Vaults:2 | Found a staircase to the Crypt.
 58005 | Vaults:3 | Reached skill level 10 in Spellcasting
 58017 | Vaults:3 | Reached XP level 21. HP: 80/174 MP: 35/35
 59606 | Vaults:4 | Noticed Sojobo
 59815 | Vaults:5 | Identified the of Sidgh
 59815 | Vaults:5 | Identified the of Ixkek
 59815 | Vaults:5 | Identified the "Geytone"
 59815 | Vaults:5 | Identified the "Duaf"
 59815 | Crypt:3  | Identified the "Ykaag"
 59815 | Elf:1    | Entered Level 1 of the Elven Halls
 59937 | Elf:1    | Noticed Agnes
 59953 | Elf:1    | Killed Agnes
 60318 | Elf:1    | Noticed Frances
 60329 | Elf:1    | Killed Frances
 60400 | Elf:1    | Identified the +1 tower shield "Fenen" {+Blink}
 60400 | Elf:1    | Noticed Louise
 60408 | Elf:1    | Killed Louise
 61512 | Elf:1    | Paralysed by an air elemental for 1 turns
 61557 | Elf:2    | Paralysed by an air elemental for 1 turns
 61561 | Elf:2    | Paralysed by an air elemental for 1 turns
 61885 | Elf:2    | Reached skill level 15 in Shields
 61965 | Elf:2    | Paralysed by an air elemental for 1 turns
 61969 | Elf:2    | Paralysed by an air elemental for 1 turns
 62071 | Elf:2    | Paralysed by an air elemental for 1 turns
 62432 | Elf:2    | Found a shimmering blue altar of Sif Muna.
 62483 | Elf:2    | Found a runed translucent gate.
 62484 | Elf:2    | Found a runed translucent gate.
 62484 | Elf:2    | Found a runed translucent gate.
 62637 | Elf:3    | Identified the "Qenimp"
 62637 | Elf:3    | Entered Level 3 of the Elven Halls
 63668 | Elf:3    | Reached skill level 10 in Evocations
 63733 | Elf:3    | Identified the +5 plate armour of Sophism {Harm}
 63838 | Elf:3    | Reached XP level 22. HP: 145/188 MP: 27/36
 63876 | Elf:3    | Identified the +0 battleaxe of Amortisation {drain, rF+
                  | Str+3}
 64398 | Elf:3    | Identified a scroll of acquirement
 64404 | Elf:3    | Identified the +0 orcbow of Yrailan {drain, rElec rC- rN+++
                  | Str+3}
 64412 | Elf:3    | Identified the "Ystraax" (You acquired it on level 3 of
                  | the Elven Halls)
 64412 | Elf:3    | Acquired 733 gold pieces
 64437 | Elf:3    | Identified the staff of the Heavens {rPois MP+9 Int+3
                  | Poison}
 64467 | Elf:3    | Identified the staff of Luesi {Fly Will- Int+6 Conj}
 64544 | Elf:3    | Identified the +2 buckler of Truth {rCorr}
 65183 | Depths:1 | Entered Level 1 of the Depths
 66239 | Depths:1 | Found a gateway to Hell.
 66906 | Depths:1 | Noticed a caustic shrike
 66973 | Depths:1 | Found a one-way gate to the infinite horrors of the Abyss.
 67397 | Depths:1 | Killed a caustic shrike
 67556 | Depths:1 | Found an opulent altar of Gozag.
 67557 | Depths:1 | Found an opulent altar of Gozag.
 67651 | Depths:1 | Found an opulent altar of Gozag.
 67653 | Depths:1 | Found an opulent altar of Gozag.
 68197 | Depths:1 | Identified the +0 pair of gloves of Bunnop {rC+ Str+5 Int-4
                  | Dex+2}
 68469 | Depths:2 | Found a flickering gateway to a bazaar.
 68490 | Bazaar   | Entered a bazaar
 68561 | Bazaar   | Found Coegam's Magic Scroll Shoppe.
 68563 | Bazaar   | Found Neatiuno's Distillery.
 68572 | Bazaar   | Bought a potion of haste for 120 gold pieces
 68572 | Bazaar   | Bought a potion of haste for 120 gold pieces
 68586 | Bazaar   | Bought a scroll of teleportation for 36 gold pieces
 68605 | Bazaar   | Found Ybbet's Antique Weapon Emporium.
 68606 | Bazaar   | Found Fuodi's Weapon Emporium.
 68649 | Bazaar   | Bought a scroll of revelation for 90 gold pieces
 68649 | Bazaar   | Bought a scroll of enchant armour for 90 gold pieces
 68661 | Bazaar   | Bought a potion of curing for 36 gold pieces
 68661 | Bazaar   | Bought a potion of mutation for 96 gold pieces
 68815 | Depths:2 | Found a one-way gate leading to the halls of Pandemonium.
 68938 | Depths:2 | Found a corrupted altar of Lugonu.
 69032 | Depths:2 | Reached XP level 23. HP: 184/196 MP: 37/37
 69684 | Depths:2 | Noticed a caustic shrike
 69684 | Depths:2 | Noticed a juggernaut
 69693 | Depths:2 | Killed a caustic shrike
 70143 | Depths:2 | Killed a juggernaut
 70244 | Depths:2 | Identified the ring of Ethics {rC+ rN+ Will+ MP+9 SInv}
 71148 | Depths:3 | Noticed a golden dragon
 72323 | Depths:3 | Noticed a golden dragon
 72359 | Depths:2 | Killed a golden dragon
 72674 | Depths:2 | Killed a golden dragon
 73463 | Depths:4 | Entered Level 4 of the Depths
 73463 | Depths:4 | Noticed Xtahua
 73476 | Depths:4 | Found a one-way gateway to a ziggurat.
 73481 | Depths:4 | Killed Xtahua
 73586 | Depths:4 | Found Utog's General Store.
 73594 | Depths:4 | Bought a scroll of enchant armour for 135 gold pieces
 73615 | Depths:4 | Found Ukhleiqex's Distillery.
 73656 | Depths:4 | Bought 2 potions of curing for 90 gold pieces
 73656 | Depths:4 | Bought 2 potions of curing for 90 gold pieces
 73815 | Depths:4 | Found a runed translucent door.
 73894 | Depths:4 | Reached XP level 24. HP: 143/205 MP: 37/37
 75110 | Depths:4 | Found a gate to the Realm of Zot.
 75340 | Depths:3 | Voluntarily entered the Abyss.
 75343 | Abyss:1  | Found a corrupted altar of Lugonu.
 75382 | Abyss:1  | Found a corrupted altar of Lugonu.
 75385 | Abyss:1  | Found a corrupted altar of Lugonu.
 75385 | Abyss:1  | Found a corrupted altar of Lugonu.
 75388 | Abyss:2  | Found a corrupted altar of Lugonu.
 75427 | Abyss:2  | Identified the "Iddella"
 75440 | Abyss:2  | Found a corrupted altar of Lugonu.
 75474 | Abyss:2  | Found a corrupted altar of Lugonu.
 75480 | Abyss:2  | Found a corrupted altar of Lugonu.
 75509 | Abyss:2  | Found a corrupted altar of Lugonu.
 75527 | Abyss:3  | Found a corrupted altar of Lugonu.
 75635 | Abyss:3  | Gained mutation: You sometimes lose your temper in combat.
                  | [a neqoxec]
 75733 | Abyss:3  | Lost mutation: You sometimes lose your temper in combat.
                  | [potion of mutation]
 75733 | Abyss:3  | Gained mutation: You are robust. (+10% HP) [potion of
                  | mutation]
 75733 | Abyss:3  | Gained mutation: You have hidden genetic potential. [potion
                  | of mutation]
 75733 | Abyss:3  | Gained mutation: You are vulnerable to heat. (rF-) [potion
                  | of mutation]
 75796 | Abyss:3  | Learned a level 2 spell: Lesser Beckoning
 76127 | Abyss:3  | Found a corrupted altar of Lugonu.
 76155 | Abyss:3  | Found a corrupted altar of Lugonu.
 76155 | Abyss:3  | Found a corrupted altar of Lugonu.
 76554 | Abyss:3  | Gained mutation: Your body sometimes deteriorates upon
                  | taking damage. [a neqoxec]
 76622 | Abyss:3  | Identified the of Gadus
 76622 | Abyss:3  | Identified the of Lenuzieps
 76622 | Abyss:3  | Identified the "Viffow"
 76622 | Abyss:3  | Identified the "Qoustauss"
 76622 | Abyss:3  | Identified the of Rearaab
 76622 | Abyss:3  | Identified the of Ceuh
 76622 | Abyss:3  | Identified the "Lusataso"
 76622 | Abyss:3  | Identified the "Wossoygu"
 76663 | Abyss:4  | Found a corrupted altar of Lugonu.
 76734 | Abyss:4  | Lost mutation: You are robust. (+10% HP) [a cacodemon]
 77047 | Abyss:4  | Lost mutation: You have hidden genetic potential. [potion
                  | of mutation]
 77047 | Abyss:4  | Lost mutation: Your body sometimes deteriorates upon taking
                  | damage. [potion of mutation]
 77047 | Abyss:4  | Gained mutation: You expend magic power (3 MP) to
                  | strengthen your wands. [potion of mutation]
 77047 | Abyss:4  | Gained mutation: You have large cloven feet. [potion of
                  | mutation]
 77048 | Abyss:4  | Lost mutation: You are vulnerable to heat. (rF-) [potion of
                  | mutation]
 77048 | Abyss:4  | Lost mutation: You have large cloven feet. [potion of
                  | mutation]
 77048 | Abyss:4  | Gained mutation: You have sharp toenails. [potion of
                  | mutation]
 77048 | Abyss:4  | Gained mutation: You are robust. (+10% HP) [potion of
                  | mutation]
 77048 | Abyss:4  | Gained mutation: You have very sharp teeth. [potion of
                  | mutation]
 77115 | Abyss:5  | Paralysed by you for 4 turns
 77204 | Abyss:5  | Paralysed by accursed screaming for 1 turns
 77211 | Abyss:5  | Paralysed by accursed screaming for 1 turns
 77312 | Depths:3 | Escaped the Abyss
 77590 | Depths:3 | Voluntarily entered the Abyss.
 77590 | Abyss:5  | Found a corrupted altar of Lugonu.
 77622 | Abyss:5  | Paralysed by accursed screaming for 2 turns
 77637 | Abyss:5  | Paralysed by accursed screaming for 2 turns
 77673 | Abyss:7  | Entered Level 7 of the Abyss
 77707 | Abyss:7  | Got an abyssal rune of Zot
 77736 | Depths:3 | Escaped the Abyss
 78266 | Vaults:2 | You showed the abyssal rune of Zot to enter a treasure
                  | trove
 78267 | Trove    | Entered a treasure trove
 78271 | Trove    | Identified the +2 ring mail of Trial and Error {rCorr
                  | Int+6}
 78272 | Trove    | Identified the +6 arbalest of the Tent {drain, rCorr}
 78296 | Trove    | Identified the +8 longbow "Uneral Ruhe" {freeze, rCorr
                  | Dex+3}
 78298 | Trove    | Identified the +5 arbalest of the Enchanted Forest {penet,
                  | Fly Will+ rCorr Str+2}
 78372 | Crypt:1  | Entered Level 1 of the Crypt
 78380 | Crypt:1  | Identified the of Kaiskuel (You acquired it on level 1 of
                  | the Crypt)
 78380 | Crypt:1  | Acquired the +0 helmet of Indecent Exposure {rF+ Int+2
                  | Dex+3 SInv}
 78411 | Crypt:1  | Found a magical portal.
 78421 | WizLab   | Entered The Roulette of Golubria
 78421 | WizLab   | Found a transporter.
 78429 | WizLab   | Found a corrupted altar of Lugonu.
 78445 | WizLab   | Found a transporter.
 78641 | WizLab   | Found a transporter.
 78650 | WizLab   | Found a transporter.
 78690 | WizLab   | Found a transporter.
 78697 | WizLab   | Found a transporter.
 78845 | WizLab   | Found a transporter.
 78884 | WizLab   | Found a transporter.
 78918 | WizLab   | Found a transporter.
 78952 | WizLab   | Found a transporter.
 79017 | WizLab   | Found a transporter.
 79058 | WizLab   | Found a transporter.
 79066 | WizLab   | Found a corrupted altar of Lugonu.
 79113 | WizLab   | Found a transporter.
 79137 | WizLab   | Found a transporter.
 79213 | WizLab   | Found a transporter.
 79247 | WizLab   | Found a transporter.
 79247 | WizLab   | Found a transporter.
 79285 | WizLab   | Found a transporter.
 79285 | WizLab   | Found a transporter.
 79437 | WizLab   | Found a transporter.
 79448 | WizLab   | Reached skill level 10 in Translocations
 79466 | WizLab   | Identified the +1 cloak "Vuezyas" {rElec}
 79501 | WizLab   | Identified the +0 cloak of Defence {Dex+2 Stlth+}
 80629 | Crypt:2  | Reached XP level 25. HP: 228/240 MP: 37/37
 81592 | Crypt:3  | Entered Level 3 of the Crypt
 82007 | Crypt:3  | Learned a level 4 spell: Vhi's Electric Charge
 82153 | Crypt:3  | Reached skill level 1 in Air Magic
 82398 | Crypt:3  | Found a basalt altar of Yredelemnul.
 82676 | Crypt:3  | Identified the +8 chain mail of Opsemaeg {MP+9 Stlth+}
 82765 | Crypt:3  | Identified the +1 spear of the Curious Lovers {drain, rC+
                  | rN+ Str+2 Stlth+}
 82876 | Crypt:3  | Reached skill level 5 in Air Magic
 83159 | Crypt:3  | Found a staircase to the Tomb.
 84966 | Vaults:4 | Killed Sojobo
 85166 | Vaults:4 | Noticed Norris
 85176 | Vaults:4 | Identified the serpent talisman of Restlessness {Str+5}
 85176 | Vaults:4 | Noticed Aizul
 85209 | Vaults:4 | Killed Aizul
 85241 | Vaults:4 | Killed Norris
 85440 | Vaults:4 | Noticed Zenata
 85459 | Vaults:4 | Killed Zenata
 85637 | Vaults:4 | Noticed Saint Roka
 85671 | Vaults:4 | Killed Saint Roka
 85928 | Vaults:4 | Reached skill level 15 in Evocations
 85980 | Vaults:4 | Identified the +0 scale mail of Dithmenos's Supremacy
                  | {*Corrode *Slow Regen+ Stlth+}
 86181 | Vaults:4 | Reached XP level 26. HP: 174/251 MP: 37/37
 86842 | Vaults:5 | Entered Level 5 of the Vaults
 87313 | Vaults:5 | Noticed Mennas
 87359 | Vaults:5 | Killed Mennas
 87455 | Vaults:5 | Noticed a dread lich
 87470 | Vaults:5 | Killed a dread lich
 87865 | Vaults:5 | Identified the staff of the People {rPois Will+ rCorr Int+5
                  | Poison}
 87967 | Vaults:5 | a titan changed into a juggernaut
 87967 | Vaults:5 | Noticed a juggernaut (glowing shapeshifter)
 87970 | Vaults:5 | a juggernaut changed into an iron dragon
 88543 | Vaults:5 | Identified the +0 scale mail of Spite {rPois}
 88738 | Vaults:5 | Identified the ring of Qaschuul {Str+6 Dex+3}
 88880 | Vaults:5 | Got a silver rune of Zot
 89549 | Vaults:5 | Learned a level 6 spell: Dispersal
 89554 | Vaults:5 | Learned a level 4 spell: Manifold Assault
 89900 | Zot:1    | Entered Level 1 of the Realm of Zot
 90353 | Zot:2    | Reached XP level 27. HP: 260/266 MP: 37/37
 91148 | Zot:2    | Noticed an orb of fire
 91160 | Zot:2    | Gained mutation: Your magical capacity is low. (-10% MP)
                  | [an orb of fire]
 91165 | Zot:2    | Killed an orb of fire
 92082 | Zot:5    | Entered Level 5 of the Realm of Zot
 92965 | Zot:4    | Noticed Vv
 93895 | Zot:4    | Killed Vv
 94837 | Zot:5    | Reached skill level 27 in Armour
 95079 | Zot:5    | Reached skill level 27 in Fighting
 95156 | Zot:5    | Noticed a dread lich
 95170 | Zot:5    | Killed a dread lich
 95304 | Zot:5    | Noticed a dread lich
 95306 | Zot:5    | Noticed a dread lich
 95319 | Zot:5    | Killed a dread lich
 95319 | Zot:5    | Noticed an orb of fire
 95327 | Zot:5    | Gained mutation: You are clumsy. (Dex -2) [an orb of fire]
 95329 | Zot:5    | Gained mutation: Your spells are a little easier to cast,
                  | but a little less powerful. [an orb of fire]
 95333 | Zot:5    | Killed a dread lich
 95335 | Zot:5    | Lost mutation: You are robust. (+10% HP) [an orb of fire]
 95336 | Zot:5    | Gained mutation: You have hidden genetic defects. [an orb
                  | of fire]
 95351 | Zot:5    | Killed an orb of fire
 95352 | Zot:5    | Noticed an orb of fire
 95376 | Zot:5    | Gained mutation: Your spells are easier to cast, but less
                  | powerful. [an orb of fire]
 95379 | Zot:5    | Killed an orb of fire
 95616 | Zot:5    | Lost mutation: You expend magic power (3 MP) to strengthen
                  | your wands. [potion of mutation]
 95616 | Zot:5    | Lost mutation: You have hidden genetic defects. [potion of
                  | mutation]
 95616 | Zot:5    | Gained mutation: You occasionally shout uncontrollably at
                  | your foes. [potion of mutation]
 95617 | Zot:5    | Lost mutation: You have very sharp teeth. [potion of
                  | mutation]
 95617 | Zot:5    | Lost mutation: Your spells are easier to cast, but less
                  | powerful. [potion of mutation]
 95617 | Zot:5    | Gained mutation: You are vulnerable to cold. (rC-) [potion
                  | of mutation]
 95617 | Zot:5    | Gained mutation: You frequently scream uncontrollably at
                  | your foes. [potion of mutation]
 95617 | Zot:5    | Gained mutation: You have sharp fingernails. [potion of
                  | mutation]
 95618 | Zot:5    | Lost mutation: You frequently scream uncontrollably at your
                  | foes. [potion of mutation]
 95618 | Zot:5    | Lost mutation: You have sharp fingernails. [potion of
                  | mutation]
 95618 | Zot:5    | Lost mutation: Your magical capacity is low. (-10% MP)
                  | [potion of mutation]
 95618 | Zot:5    | Lost mutation: Your spells are a little easier to cast, but
                  | a little less powerful. [potion of mutation]
 95619 | Zot:5    | Lost mutation: You are vulnerable to cold. (rC-) [potion of
                  | mutation]
 95619 | Zot:5    | Lost mutation: You have sharp toenails. [potion of
                  | mutation]
 95619 | Zot:5    | Gained mutation: Your mind is acute. (Int +4, Str/Dex -1)
                  | [potion of mutation]
 95619 | Zot:5    | Gained mutation: You have hidden genetic potential. [potion
                  | of mutation]
 96156 | Zot:5    | Got the Orb of Zot
 96308 | Zot:2    | Gained mutation: You are frail. (-10% HP) [a cacodemon]
 96478 | Depths:1 | Noticed Curihell the pandemonium lord
 96811 | D:$      | Escaped with the Orb!

Illustrated notes

Levels and vault maps discovered:
D:1:      roderic_octagonal_star, layout_rooms, minmay_tromino_mix6
D:2:      layout_basic, nicolae_grassy_gnolls, uniq_robin
D:3:      layout_loops_ring, mainiacjoe_overflow_chevrons,
          hellmonk_ecumenical_altar_run_dry, minmay_misc_feat_more_columns,
          serial_park_tiny_2
D:4:      layout_basic, nicolae_overflow_guarded_unrand_okawaru_victory,
          reono_crystal_passage
D:5:      minmay_bubble_buster, layout_gridville, mainiacjoe_overflow_paths,
          lemuel_temple_firewalk_b, minmay_manual_maat
D:6:      layout_loops_ring, mainiacjoe_overflow_alcove_3, uniq_duvessa,
          uniq_prince_ribbit1
D:7:      layout_rooms, serial_co_window_serial, co_window_paths_b,
          co_window_paths_a, co_window_paths_a, co_window_of_opportunity_a,
          co_window_cross_1, co_window_broadway_c, co_window_2corner,
          co_window_unsneaky_path_d, co_window_4corner_b, co_window_paths_e,
          glass_columns_a, glass_columns_c, glass_columns_b,
          minmay_misc_feat_five, uniq_menkaure
D:8:      layout_gridville, uniq_pikel
D:9:      minmay_bloctagon_deflated, layout_rooms, vehumet_crystals
D:10:     layout_gridville, slow_altar_1, erik_orc_4, uniq_maggie
D:11:     layout_stronghold, dpeg_lair_monsters
D:12:     layout_irregular_city
D:13:     layout_basic, david_vaults_3, nicolae_shop_fire_sale
          [nicolae_sub_dead_trees], grunt_ministairs_15
D:14:     layout_rooms, nicolae_uskayaw_suspiria, minmay_orc_keep
D:15:     grunt_enter_depths_magical_seal, layout_cave_pools, ashenzari_altar_1,
          uniq_kirke, uniq_roxanne
Lair:1:   layout_loops_ring, basic_altar, gauntlet_entry_generic, uniq_joseph
Lair:2:   layout_regular_city, nicolae_shoals_entry_flooding,
          minmay_snake_entry_guardpost_small
Lair:3:   layout_cave_shapes, grunt_forest_large_clearings
Lair:4:   layout_gridlike, slime_entry_1
Lair:5:   gammafunk_lair_ancient_temple, layout_regular_city, evilmike_ambush
          [evilmike_ambush_outer_pillars, evilmike_ambush_inner_basic]
Shoals:1: layout_shoals, serial_shops, nicolae_shop_real_fake_doors
Shoals:2: layout_shoals, gammafunk_ghost_wrathful_warriors
Shoals:3: layout_shoals, uniq_mara
Shoals:4: shoals_end_grunt_ice, layout_shoals, hangedman_shoal_volcano,
          uniq_polyphemus
Snake:1:  layout_misc_corridors, nicolae_snake_squiggles, uniq_asterion,
          uniq_donald
Snake:2:  layout_onion, serial_shops, shop, nicolae_snake_salamander_fort
Snake:3:  layout_basic, grunt_megastairs_1
Snake:4:  snake_pit_salamanders_mu, layout_rooms, basic_altar,
          nicolae_letterblocks [nicolae_letter_subblock,
          nicolae_letter_subblock, nicolae_letter_subblock,
          nicolae_letter_subblock, nicolae_letter_subblock,
          nicolae_letter_subblock, nicolae_letter_subblock,
          nicolae_letter_subblock, nicolae_letter_subblock,
          nicolae_letter_subblock, nicolae_letter_subblock,
          nicolae_letter_subblock, nicolae_letter_subblock,
          nicolae_letter_subblock, nicolae_letter_subblock,
          nicolae_letter_subblock, nicolae_letter_subblock,
          nicolae_letter_subblock, nicolae_letter_subblock,
          nicolae_letter_subblock, nicolae_letter_subblock,
          nicolae_letter_subblock, nicolae_letter_subblock,
          nicolae_letter_subblock, nicolae_letter_subblock]
Orc:1:    layout_diamond_mine, uniq_josephine
Orc:2:    st_orc_congregation, layout_caves, nicolae_orc_sculptors_studio
Elf:1:    layout_gridlike, kennysheep_underground_church, uniq_agnes,
          uniq_frances, uniq_louise
Elf:2:    nicolae_elf_blades_crystal_corner, layout_loops_cross, basic_altar,
          dreamdust_princess_bridge
Elf:3:    minmay_elf_hall_curves, layout_geoelf_castle, drop_trap
Vaults:1: ebering_ghost_rock_garden, vaults_dpeg_hooks,
          nicolae_vaults_turnstiles, nicolae_vaults_trapezoid_layered,
          v_alt_pattern_3, nicolae_vaults_prndl, vaults_room_semicircle,
          nicolae_vaults_murderbox, v_misc_1, dpeg_vaults_monster_row,
          nicolae_vaults_weapon_check, v_misc_3, hangedman_vaults_maws,
          nicolae_vaults_tangram_2, layout_vaults_omnibox, serial_shops, shop
Vaults:2: v_rooms_4, ontoclasm_vaults_twist,
          nicolae_vaults_antechamber_and_loot_room, grunt_vaults_focal,
          v_alt_pattern_6, nicolae_vaults_little_squares_5,
          nicolae_vaults_tetromino_T_1, nicolae_vaults_tetromino_L_2,
          layout_vaults_chaotic_city, dummy_crypt_entry, enter_trove_5,
          serial_shops, shop
Vaults:3: vaults_mumra_chevron_long, ontoclasm_vaults_ligature, v_misc_26,
          vaults_room_large_hall, vaults_room_ringed_pool,
          nicolae_vaults_network_square, v_alt_pattern_3,
          nicolae_vaults_more_shelving_2, vaults_room_semicircle,
          nicolae_vaults_diamond_1, layout_vaults_omnicross
Vaults:4: nicolae_vaults_diamond_2, nicolae_vaults_closet_pinwheel_3,
          nicolae_vaults_ellipses_ellipsis,
          nicolae_vaults_thirteen_compartments, v_misc_17,
          ontoclasm_vaults_chip, ontoclasm_vaults_eye,
          nicolae_vaults_frosty_reception, nicolae_vaults_little_squares_1,
          ontoclasm_vaults_loading_screen, nicolae_vaults_bisected_slash,
          grunt_vaults_swirl, layout_vaults_maze_snakey, uniq_zenata,
          uniq_norris, uniq_sojobo, uniq_saint_roka, uniq_aizul
Vaults:5: uniq_mennas
Crypt:1:  layout_chaotic_city, mu_enter_wizlab_5, uniq_josephina
Crypt:2:  layout_chaotic_city, lemuel_upstairs_altar
Crypt:3:  evilmike_haunted_forest
Depths:1: lemuel_castle_with_subvaults [lemuel_castle_interior_carwin_1],
          layout_long_grid, minmay_fountain_box, hell_entry, abyss_entry,
          nicolae_gozag_conspicuous_consumption
Depths:2: minmay_the_grid_octo_tiled_octocenter [minmay_the_grid_octo_toaster,
          minmay_the_grid_octo_empty, minmay_the_grid_octo_fan_narrow,
          minmay_the_grid_octo_empty, minmay_the_grid_octo_prize_big_c,
          minmay_the_grid_square_5x5_two_walls_a,
          minmay_the_grid_square_5x5_three_small,
          minmay_the_grid_square_5x5_shrine2,
          minmay_the_grid_square_5x5_minimal], layout_cave_pools, serial_shops,
          bzr_in_the_mist, abyss_entry_flame_altar, grunt_metal_band,
          kennysheep_cross_room, pan_entry, chequers_serial_rivers_marsh
Depths:3: nzn_winding_woodlands_small [nzn_winding_woodlands_5x15_jagged,
          nzn_winding_woodlands_center_pierced_h,
          nzn_winding_woodlands_5x15_split_checker], layout_honeycomb,
          abyss_entry, chequers_serial_rivers_micro_b,
          pf_vacation_house_of_asmodeus, minmay_staircase_windowed_small
Depths:4: evilmike_zot_entry_argh, layout_gridlike, enter_ziggurat_a,
          grunt_hell_entry_dis_mu, fountainhead, serial_shops, shop,
          nicolae_shop_rolling_square, shop, minmay_hidden_floor, uniq_xtahua
Zot:1:    cheibrodos_zot_enchanting_chambers, layout_cellular_growth
Zot:2:    grunt_zot_stairs_mandelzot, layout_basic,
          regret_index_zotdec_carving_tricks
Zot:3:    infiniplex_zot_generator, layout_basic
Zot:4:    layout_misc_corridors, regret_index_zotdec_magical_s, uniq_vv
Zot:5:    layout_misc_corridors, st_stairs_13, regret_index_zotdec_zees,
          bh_zot_levy_curve, lemuel_golem_globe

Skill      XL: |  1  2  3  4  5  6  7  8  9 10 11 12 13 14 15 16 17 18 19 20 21 22 23 24 25 26 27 |
---------------+----------------------------------------------------------------------------------+-----
Stealth        | 1 |  1.5
Long Blades    | 4 5 8 9 11 12 13 15 16 | 16.0
Fire Magic     | 4 5 6 8 9 10 11 12 | 12.0
Armour         | 1 2 5 10 12 15 16 20 22 23 25 27 | 27.0
Dodging        | 1 2 5 6 9 10 12 13 14 15 16 19 20 23 25 | 25.1
Fighting       | 4 6 8 9 10 12 13 14 15 17 19 20 22 23 25 27 | 27.0
Evocations     | 3 5 8 10 11 16 18 | 18.5
Spellcasting   | 3 4 5 9 10 | 10.3
Translocations | 4 5 8 11 14 | 14.6
Conjurations   | 2 9 12 13 14 15 | 15.3
Shields        | 5 12 13 14 15 | 15.0
Air Magic      | 5 |  5.1

Action                     |  1- 3 |  4- 6 |  7- 9 | 10-12 | 13-15 | 16-18 | 19-21 | 22-24 | 25-27 || total
---------------------------+-------+-------+-------+-------+-------+-------+-------+-------+-------++-------
  Melee: Falchion          |    95 |   180 |    27 |   176 |   884 |       |       |       |       ||  1362
         Punch             |       |     1 |     5 |     3 |       |       |       |       |       ||     9
         Long sword        |       |       |   227 |   734 |   810 |       |       |       |       ||  1771
         Scimitar          |       |       |       |       |   133 |       |       |       |       ||   133
         Double sword      |       |       |       |       |    55 |  1449 |  1842 |  2312 |  2375 ||  8033
         Eudemon blade     |       |       |       |       |       |       |       |   258 |   773 ||  1031
         Bite              |       |       |       |       |       |       |       |   110 |   642 ||   752
  Throw: Dart              |       |       |    12 |    15 |     3 |     1 |       |     2 |       ||    33
   Cast: Scorch            |     7 |    30 |    97 |    95 |   159 |       |       |       |       ||   388
         Iskenderun's Batt |       |       |       |       |    42 |     2 |       |       |       ||    44
         Fireball          |       |       |       |       |    31 |    14 |    19 |     4 |       ||    68
         Blink             |       |       |       |       |     2 |       |       |     2 |       ||     4
         Sticky Flame      |       |       |       |       |     1 |    95 |    65 |    45 |     7 ||   213
         Vhi's Electric Ch |       |       |       |       |       |       |       |       |    29 ||    29
         Dispersal         |       |       |       |       |       |       |       |       |     1 ||     1
 Invoke: Fiery Armour      |     1 |       |       |     1 |       |       |       |       |       ||     2
Ability: Hop               |     1 |     2 |     3 |     9 |    10 |     8 |     3 |     3 |    16 ||    55
  Evoke: Wand              |       |     1 |    13 |    12 |    33 |     9 |    10 |     7 |     7 ||    92
         Phial of floods   |       |       |       |     1 |     2 |       |       |       |       ||     3
         Sack of spiders   |       |       |       |       |       |     1 |     1 |     1 |     1 ||     4
         Lightning rod     |       |       |       |       |       |       |     3 |     7 |       ||    10
         Condenser vane    |       |       |       |       |       |       |       |     1 |     1 ||     2
    Use: Potion            |     1 |       |     3 |     3 |     3 |     2 |     8 |    13 |    18 ||    51
         Scroll            |       |     7 |     4 |    17 |    14 |     9 |     7 |    26 |    15 ||    99
   Stab: Invisible         |       |       |       |     3 |     5 |       |       |       |     5 ||    13
         Paralysed         |       |       |       |       |    20 |     5 |     5 |     8 |     3 ||    41
         Held in net/web   |       |       |       |       |       |       |     2 |       |       ||     2
         Distracted        |       |       |       |       |       |       |     1 |     1 |     2 ||     4
         Sleeping          |       |       |       |       |       |       |     1 |     1 |     1 ||     3
 Armour: Robe              |     9 |       |       |       |       |       |       |       |       ||     9
         Ring mail         |    55 |    36 |       |       |       |       |       |       |       ||    91
         Scale mail        |       |    69 |   161 |   389 |   750 |   517 |   229 |       |       ||  2115
         Skin              |       |       |       |       |       |     1 |       |       |       ||     1
         Chain mail        |       |       |       |       |       |       |   372 |   411 |       ||   783
         Ice dragon scales |       |       |       |       |       |       |       |   595 |  1152 ||  1747
  Dodge: Dodged            |    42 |   140 |   227 |   837 |  1572 |   872 |   848 |  1366 |  1840 ||  7744
  Block: Buckler           |       |       |       |       |   251 |   175 |       |       |       ||   426
         Reflection        |       |       |       |       |     8 |   190 |   111 |    28 |    33 ||   370
         Kite shield       |       |       |       |       |       |  1170 |  1615 |  2180 |  2824 ||  7789

Table legend: (Time is in decaauts)
 A = Elapsed time spent in this place.
 B = Non-inter-level travel time spent in this place.
 C = Inter-level travel time spent in this place.
 D = Time resting spent in this place.
 E = Time spent auto-exploring this place.
 F = Levels seen in this place.
 G = Mean time per level.
                   A        B        C        D        E       F      G
               +--------+--------+--------+--------+--------+-----+--------+
         Total | 102583 |  96341 |   6242 |  32662 |  34829 |  62 | 1654.6 |
       Dungeon |  25814 |  23146 |   2668 |   8437 |   8667 |  15 | 1720.9 |
          Lair |  11569 |  10944 |    625 |   4645 |   3642 |   5 | 2313.8 |
        Shoals |   7392 |   6997 |    395 |   1653 |   3198 |   4 | 1848.0 |
     Snake Pit |   9332 |   8860 |    472 |   2772 |   3479 |   4 | 2333.0 |
  Orcish Mines |   4114 |   3866 |    248 |   1643 |   1059 |   2 | 2057.0 |
   Elven Halls |   5513 |   5330 |    183 |   1984 |   1888 |   3 | 1837.7 |
        Vaults |  11994 |  11424 |    570 |   2778 |   5050 |   5 | 2398.8 |
         Crypt |   5026 |   4683 |    343 |   1138 |   2172 |   3 | 1675.3 |
        Depths |  11406 |  10671 |    735 |   3235 |   4342 |   4 | 2851.5 |
           Zot |   6096 |   6096 |      0 |   3501 |    238 |   5 | 1219.2 |
         Abyss |   2116 |   2116 |      0 |    655 |      0 |   8 |  264.5 |
        Bazaar |    206 |    206 |      0 |      0 |    148 |   1 |  206.0 |
         Trove |     44 |     44 |      0 |      0 |      0 |   1 |   44.0 |
        Wizlab |   1259 |   1259 |      0 |    173 |    612 |   1 | 1259.0 |
      Gauntlet |    697 |    697 |      0 |     43 |    328 |   1 |  697.0 |
               +--------+--------+--------+--------+--------+-----+--------+

Top non-repeatable levels by time:
 Snake:4: 3725 daAuts
  Lair:5: 3388 daAuts
   Orc:2: 3192 daAuts
Depths:3: 3171 daAuts
Vaults:2: 3002 daAuts
Depths:1: 2954 daAuts
 Crypt:3: 2852 daAuts
Depths:2: 2850 daAuts
  Lair:2: 2657 daAuts
     D:8: 2646 daAuts
    D:11: 2573 daAuts
Vaults:5: 2487 daAuts
   Elf:3: 2471 daAuts
Shoals:4: 2465 daAuts
Depths:4: 2430 daAuts
